 Dungeon Crawl Stone Soup version 0.30-a0-782-ge64f9170bb (webtiles) character file.

Game seed: 4728932063468397193

302 mopl the Vexing (level 6, 0/32 HPs)
             Began as a Deep Elf Enchanter on Mar 13, 2023.
             Slain by a gnoll sergeant
             ... wielding a +0 spear
              (10 damage)
             ... on level 4 of the Dungeon.
             The game lasted 00:05:55 (3309 turns).

mopl the Vexing (Deep Elf Enchanter)                Turns: 3309, Time: 00:05:55

Health: 0/32       AC:  2    Str: 11    XL:     6   Next: 14%
Magic:  12/15      EV: 12    Int: 22    God:
Gold:   161        SH:  4    Dex: 15    Spells: 6/14 levels left

rFire   . . .      SeeInvis .    a - +1 dagger (venom)
rCold   . . .      Faith    .    h - +0 buckler
rNeg    . . .      Spirit   .    b - +0 robe
rPois   .          Reflect  .    (no helmet)
rElec   .          Harm     .    (no cloak)
rCorr   .          Rampage  .    (no gloves)
Will    .....                    (no boots)
Stlth   +++                      (no amulet)
HPRegen 0.25/turn                n - +6 ring of strength
MPRegen 0.14/turn                (no ring)

@: invisible (expiring)
A: no striking features
a: no special abilities


You were on level 4 of the Dungeon.
You visited 1 branch of the dungeon, and saw 4 of its levels.

You collected 161 gold pieces.

Inventory:

Hand Weapons
 a - a +1 dagger of venom (weapon)
 q - a +0 dagger of speed
Missiles
 l - 2 boomerangs
Armour
 b - a +0 robe (worn)
 h - a +0 buckler (worn)
Jewellery
 n - a +6 ring of strength (left hand)
Wands
 p - a wand of acid (9)
Scrolls
 d - 3 scrolls of identify {unknown}
 e - a scroll of noise {unknown}
 g - 3 scrolls of fog {unknown}
 k - 2 scrolls of poison {unknown}
 m - a scroll of butterflies {unknown}
 o - 2 scrolls of magic mapping {unknown}
 r - a scroll of teleportation {unknown}
Potions
 c - 2 potions of invisibility
 f - 2 potions of flight {unknown}
 i - 4 potions of might {unknown}
 j - 2 potions of curing {unknown}
 s - a potion of heal wounds {unknown}


   Skills:
 + Level 2.8 Short Blades
 - Level 2.4 Dodging
 + Level 5.3 Stealth
 + Level 1.6 Shields
 + Level 4.7 Spellcasting
 + Level 5.4 Hexes


You had 6 spell levels left.
You knew the following spells:

 Your Spells              Type           Power      Damage    Failure   Level
b - Ensorcelled Hibernat  Hex/Ice        34%        N/A       7%          2
c - Confusing Touch       Hex            29%        N/A       4%          3
d - Tukima's Dance        Hex            29%        N/A       4%          3

Your spell library contained the following spells:

 Spells                   Type           Power      Damage    Failure   Level
 Dazzling Flash           Conj/Hex       34%        N/A       14%         3


Dungeon Overview and Level Annotations

Branches:
Dungeon (4/15)
 Temple: D:4-7

Altars:
Ashenzari
Kikubaaqudgha

Shops:
D:3 (


Message History

No target in view!
Found 8 gold pieces.
A gnoll sergeant comes into view. It is wielding a +0 spear.
The gnoll shouts!
You block the gnoll's attack.
Casting: Ensorcelled Hibernation (safe; 7% risk of failure)
Confirm with . or Enter, or press ? or * to list all spells.
Aiming: Ensorcelled Hibernation (safe; 7% risk of failure)
Press: ? - help, Shift-Dir - straight line, f - gnoll
Aim: a gnoll, wielding a +0 club (chance to affect: 59%)
The gnoll resists with significant effort.
The gnoll closely misses you.
The gnoll resists with significant effort.
The gnoll closely misses you.
The gnoll resists with significant effort.
You block the gnoll's attack. The gnoll sergeant barely misses you.
The gnoll hits you with a +0 flail!
You are too injured to fight recklessly!
Casting: Ensorcelled Hibernation (safe; 7% risk of failure)
Confirm with . or Enter, or press ? or * to list all spells.
You don't know that spell.
You fade into invisibility!
The gnoll barely misses you.
The gnoll sergeant hits you from afar with a +0 spear!
* * * LOW HITPOINT WARNING * * *
The gnoll hits you with a +0 club.
* * * LOW HITPOINT WARNING * * *
Found 16 gold pieces.
You hear the rusting of a very distant drain.
You flicker for a moment.
You hit the gnoll but do no damage.
The gnoll is poisoned.
The gnoll barely misses you.
You hit the gnoll but do no damage.
The gnoll looks as sick as possible!
The gnoll is lightly wounded.
The gnoll sergeant barely misses you. The gnoll barely misses you.
You closely miss the gnoll.
The gnoll is moderately wounded.
The gnoll shouts!
The gnoll sergeant hits you from afar with a +0 spear!
You die...

#...........##
#######......#### #
#.......##.#### #
##$[.....#..$..### .#
#................##
...###.............#..#
...##.....#.g..gg....##
##..#.....#...g.......#
##........g.....@.....#
....##............#####
....#..#.........##
....#............#
.......gg.......####
..........$.....>...
..................#.
....................
...........##.....


You could see a gnoll sergeant (unable to see you) and 4 gnolls.

Vanquished Creatures
  An ogre (D:3)
  A vampire bat (D:3)
  An orc wizard (D:3)
  3 gnolls
  4 adders
  A worm (D:2)
  2 dart slugs
  3 orcs
  4 bat skeletons (D:3)
  2 bat zombies (D:3)
  10 endoplasms
  2 giant cockroaches (D:1)
  6 goblins
  7 hobgoblins
  6 kobolds
  3 quokkas
  2 ball pythons (D:1)
  7 bats
  2 frilled lizards
  4 rats (D:1)
71 creatures vanquished.

Vanquished Creatures (others)
  A dancing weapon (D:3)
1 creature vanquished.

Grand Total: 72 creatures vanquished

Notes
Turn   | Place    | Note
-------+----------+-------------------------------------------
     0 | D:1      | mopl the Deep Elf Enchanter began the quest for the Orb.
     0 | D:1      | Reached XP level 1. HP: 10/10 MP: 6/6
   268 | D:1      | Reached XP level 2. HP: 15/15 MP: 8/8
   271 | D:1      | Learned a level 2 spell: Ensorcelled Hibernation
   337 | D:1      | Reached skill level 4 in Stealth
   717 | D:2      | Found a faded altar of an unknown god.
   728 | D:2      | Reached XP level 3. HP: 19/19 MP: 10/10
   746 | D:2      | Learned a level 3 spell: Confusing Touch
   750 | D:2      | Learned a level 3 spell: Tukima's Dance
  1236 | D:2      | Reached skill level 2 in Short Blades
  1560 | D:3      | Reached XP level 4. HP: 24/24 MP: 11/11
  1814 | D:3      | Reached skill level 4 in Spellcasting
  1858 | D:3      | Reached skill level 1 in Shields
  1894 | D:3      | Found Esoppymis's Weapon Boutique.
  1942 | D:3      | Found a broken altar of Ashenzari.
  2292 | D:3      | HP: 1/24 [gnoll/+0 club (5)]
  2296 | D:2      | Reached skill level 5 in Hexes
  2396 | D:3      | Reached XP level 5. HP: 5/28 MP: 10/13
  2594 | D:3      | Found an ancient bone altar of Kikubaaqudgha.
  2634 | D:3      | Reached skill level 5 in Stealth
  2746 | D:3      | Noticed an ogre
  2778 | D:3      | Killed an ogre
  2779 | D:3      | Reached XP level 6. HP: 12/32 MP: 4/15
  3008 | D:4      | Identified the +3 ring mail of Card Tricks {Rampage Will+
                  | Int-5 Dex+3}
  3309 | D:4      | Slain by a gnoll sergeant

Illustrated notes

Levels and vault maps discovered:
D:1:      moated_graveyard_arrival, layout_basic
D:2:      layout_loops_corners, shapermc_ecumenical_altar_notcrosses
D:3:      layout_loops_ring, kennysheep_vampire_church,
          mainiacjoe_overflow_24_doors, serial_shops, shop
D:4:      layout_cave_pools, mainiacjoe_overflow_catwalk_spiral,
          cheibrodos_sewer_entry_bend, uniq_blork_the_orc

Skill      XL: |  1  2  3  4  5 |
---------------+----------------+-----
Stealth        | 4 5 |  5.3
Short Blades   | 2 |  2.8
Spellcasting   | 4 |  4.7
Shields        | 1 |  1.6
Hexes          | 5 |  5.4
Dodging        | |  2.4

Action                     |  1- 3 |  4- 6 || total
---------------------------+-------+-------++-------
  Melee: Dagger            |   101 |   101 ||   202
   Cast: Ensorcelled Hiber |    14 |    23 ||    37
         Confusing Touch   |       |     2 ||     2
         Tukima's Dance    |       |     1 ||     1
    Use: Potion            |       |     1 ||     1
   Stab: Sleeping          |    17 |    11 ||    28
 Armour: Robe              |    29 |    23 ||    52
  Dodge: Dodged            |    56 |    81 ||   137
  Block: Buckler           |     6 |    22 ||    28

Table legend: (Time is in decaauts)
 A = Elapsed time spent in this place.
 B = Non-inter-level travel time spent in this place.
 C = Inter-level travel time spent in this place.
 D = Time resting spent in this place.
 E = Time spent auto-exploring this place.
 F = Levels seen in this place.
 G = Mean time per level.
                   A        B        C        D        E       F      G
               +--------+--------+--------+--------+--------+-----+--------+
         Total |   3307 |   3136 |    171 |    641 |   1640 |   4 |  826.8 |
       Dungeon |   3307 |   3136 |    171 |    641 |   1640 |   4 |  826.8 |
               +--------+--------+--------+--------+--------+-----+--------+

Top non-repeatable levels by time:
     D:2: 1225 daAuts
     D:3: 1221 daAuts
     D:1: 653 daAuts
     D:4: 207 daAuts
